 Dungeon Crawl Stone Soup version 0.24.0-13-gcf9b3192b9 (webtiles) character file.

Game seed: 18247552963135388764, levelgen mode: deterministic

3017 Metae the Fighter (level 9, -3/86 HPs)
             Began as a Minotaur Fighter on Nov 7, 2019.
             Was a Priest of Yredelemnul.
             Splashed by an oklob plant's acid (12 damage)
             ... on level 1 of the Lair of Beasts.
             The game lasted 00:59:12 (7593 turns).

Metae the Fighter (Minotaur Fighter)                Turns: 7593, Time: 00:59:13

Health: -3/86      AC: 10    Str: 25    XL:     9   Next: 55%
Magic:  14/14      EV: 19    Int:  5    God:    Yredelemnul [***...]
Gold:   452        SH:  9    Dex:  9    Spells: 8/8 levels left

rFire    x . .     SeeInvis .   a - +1 war axe
rCold    + . .     Gourm    .   c - +0 shield
rNeg     . . .     Faith    .   N - +1 plate armour
rPois    .         Spirit   .   (helmet restricted)
rElec    .         Reflect  .   (no cloak)
rCorr    .         Harm     .   v - +1 pair of gloves
MR       .....                  (no boots)
Stlth    ..........             s - amulet of the acrobat
HPRegen  0.24/turn              x - ring of ice
MPRegen  0.14/turn              q - +3 ring of protection

@: corroded, acrobat
A: retaliatory headbutt, horns 2
a: Recall Undead Slaves, Injury Mirror, Animate Dead, Renounce Religion


You were on level 1 of the Lair of Beasts.
You worshipped Yredelemnul.
Yredelemnul was most pleased with you.
You were not hungry.

You visited 3 branches of the dungeon, and saw 10 of its levels.
You also visited: Sewer.

You collected 452 gold pieces.

Inventory:

Hand Weapons
 a - a +1 war axe (weapon)
 b - a +0 hunting sling
 e - a +0 whip of electrocution
 H - a +0 hand axe
 K - a +2 rapier of freezing
 L - a cursed -1 hand crossbow
 Q - a +0 flail
 U - a cursed -1 battleaxe
Missiles
 G - 134 stones (quivered)
Armour
 c - a +0 shield (worn)
 k - a +0 scale mail
 v - a +1 pair of gloves (worn)
 F - a +1 scale mail
 N - a +1 plate armour (worn)
 Y - the +5 leather armour of Protective Custody {Int+3, unknown}
   (You found it on level 1 of the Lair of Beasts)

   It affects your intelligence (+3).
Magical Staves
 u - an uncursed staff of wizardry {unknown}
Jewellery
 g - a +2 ring of dexterity
 p - an uncursed ring of positive energy
 q - a +3 ring of protection (right hand)
 s - an amulet of the acrobat (around neck)
 x - a ring of ice (left hand)
 y - an uncursed ring of teleportation
 A - a cursed -2 ring of evasion
 D - an uncursed ring of magical power
Wands
 d - a wand of acid (3)
 z - a wand of paralysis (13)
 S - a wand of digging (4)
 T - a wand of disintegration (4)
 X - a wand of flame (22)
Scrolls
 j - a scroll of fear
 l - a scroll of magic mapping
 m - 2 scrolls of enchant armour
 w - 2 scrolls of identify
 C - 3 scrolls of amnesia {unknown}
 E - 4 scrolls of teleportation
 I - a scroll of immolation {unknown}
 J - 2 scrolls of remove curse
 M - a scroll of blinking {unknown}
 P - 2 scrolls of vulnerability {unknown}
 R - a scroll of torment {unknown}
 V - a scroll of random uselessness {unknown}
Potions
 h - a potion of invisibility {unknown}
 i - 2 potions of mutation
 n - 3 potions of lignification
 o - 4 potions of degeneration
 r - a potion of resistance {unknown}
 t - 5 potions of curing
 B - 4 potions of flight
 W - a potion of agility {unknown}
Comestibles
 f - 15 rations


   Skills:
 - Level 10.7 Fighting
 + Level 4.7 Axes
 + Level 5.5 Armour
 - Level 3.6 Shields
 + Level 8.3 Invocations
 + Level 2.8 Evocations


You had 8 spell levels left.
You didn't know any spells.
Your spell library was empty.

Dungeon Overview and Level Annotations

Branches:
Dungeon (8/15)             Temple (1/1) D:4            Lair (1/6) D:8
  Sewer (visited)

Altars:
Ashenzari
Cheibriados
Dithmenos
Elyvilon
Fedhas
Gozag
Hepliaklqana
Kikubaaqudgha
Makhleb
Nemelex Xobeh
Okawaru
Qazlal
Ru
Trog
Uskayaw
Vehumet
Wu Jian
Xom
Yredelemnul
Zin
The Shining One

Shops:
D:8 =

Annotations:
Lair:1 exclusion: oklob plant


Innate Abilities, Weirdness & Mutations

You reflexively headbutt those who attack you in melee.
You have a pair of horns on your head.


Message History

The bush is moderately damaged.
You hit the bush but do no damage. You slash the bush!
The oklob plant spits acid at you.
The splash of acid hits you but does no damage.
The acid corrodes you!
You are splashed with acid!!
The oklob plant spits acid at you. The splash of acid hits you!
The acid corrodes you!
You are splashed with acid!
* * * LOW HITPOINT WARNING * * *
The oklob plant spits acid at you. The splash of acid hits you!
* * * LOW HITPOINT WARNING * * *
You are splashed with acid!
* * * LOW HITPOINT WARNING * * *
You feel much better. The oklob plant spits acid at you.
The splash of acid hits you!
* * * LOW HITPOINT WARNING * * *
You are splashed with acid!
You die...
Your body rises from the dead as a mindless zombie.

.........................#
.........................#
....##...................#
..⌠........##............#
......##...##..##........#
........#.#########......#
#.....#..### ####.###
#..⌠..##...# ###
##.....#..@##
#..........##
#...........##
#+#+##......##
#............##
######..$.....#
#..PPP)....# #.$PPP......
#..PPP......


You could see an oklob plant.

Vanquished Creatures
  Pikel (D:4)
  Psyche (D:8)
  Eustachio (D:6)
  2 ice beasts
  A sky beast (D:5)
  A black bear (D:6)
  4 slaves
  An ogre (D:7)
  3 centaurs
  2 phantoms (D:8)
  2 big kobolds
  5 bullfrogs
  A scorpion (D:6)
  A howler monkey (D:6)
  3 crimson imps
  2 hounds
  4 orc wizards
  A bullfrog skeleton (D:7)
  A centaur skeleton (D:5)
  An iguana (D:6)
  2 worker ants (D:5)
  A hound skeleton (D:5)
  2 howler monkey zombies (D:6)
  A howler monkey skeleton (D:7)
  8 adders
  6 gnolls
  2 river rats
  3 oozes
  An adder skeleton (D:6)
  6 worms
  2 dart slugs
  3 leopard geckos
  13 orcs
  3 giant cockroaches (D:1)
  5 goblins
  11 hobgoblins
  6 jackals
  4 quokkas
  A ball python (D:5)
  6 bats
  4 frilled lizards
  2 gnoll zombies (D:2)
  11 kobolds
  12 rats
153 creatures vanquished.

Vanquished Creatures (collateral kills)
  A jelly (D:5)
  An adder (D:8)
  A jackal (D:6)
3 creatures vanquished.

Vanquished Creatures (others)
  A centaur zombie (D:5)
  A sky beast zombie (D:5)
  An adder zombie (D:5)
  2 gnoll skeletons (D:7)
  5 orc skeletons
  A quokka skeleton (D:4)
11 creatures vanquished.

Grand Total: 167 creatures vanquished

Notes
Turn   | Place    | Note
-------+----------+-------------------------------------------
     0 | D:1      | Metae the Minotaur Fighter began the quest for the Orb.
     0 | D:1      | Reached XP level 1. HP: 19/19 MP: 0/0
   133 | D:1      | Reached skill level 4 in Fighting
   202 | D:1      | Reached XP level 2. HP: 28/28 MP: 1/1
   558 | D:1      | Reached skill level 5 in Fighting
  1008 | D:2      | Reached XP level 3. HP: 34/36 MP: 2/2
  1135 | D:2      | Found a basalt altar of Yredelemnul.
  1146 | D:2      | Became a worshipper of Yredelemnul the Dark
  1638 | D:2      | Found a faded altar of an unknown god.
  1665 | D:2      | Reached XP level 4. HP: 44/44 MP: 3/3
  1717 | D:2      | Reached skill level 6 in Fighting
  1868 | D:3      | Reached skill level 1 in Invocations
  2497 | D:3      | Reached XP level 5. HP: 51/51 MP: 5/5
  2530 | D:3      | Found an ornate altar of the Wu Jian Council.
  2546 | D:3      | Reached * piety under Yredelemnul
  2675 | D:4      | Found a burning altar of Makhleb.
  2705 | D:4      | Found a glowing drain.
  2720 | Sewer    | Entered a sewer
  2819 | Sewer    | Reached skill level 7 in Fighting
  2892 | Sewer    | Found a white marble altar of Elyvilon.
  3020 | D:4      | Reached XP level 6. HP: 60/60 MP: 7/7
  3122 | D:4      | Found a staircase to the Ecumenical Temple.
  3128 | D:4      | You fall into a shaft and drop 2 floors!
  3193 | D:6      | Found a hazy altar of Hepliaklqana.
  3301 | D:5      | Entered Level 5 of the Dungeon
  3322 | D:5      | Reached skill level 8 in Fighting
  3322 | D:5      | Reached XP level 7. HP: 68/68 MP: 9/9
  3430 | D:4      | Found a sacrificial altar of Ru.
  3455 | D:4      | Reached ** piety under Yredelemnul
  3692 | Temple   | Entered the Ecumenical Temple
  4015 | D:5      | Reached skill level 5 in Invocations
  4170 | D:5      | Reached skill level 9 in Fighting
  4295 | D:5      | Noticed Pikel
  4506 | D:4      | Killed Pikel
  4506 | D:4      | Reached skill level 10 in Fighting
  4506 | D:4      | Reached XP level 8. HP: 13/79 MP: 10/12
  5005 | D:6      | Noticed Eustachio
  5023 | D:6      | Killed Eustachio
  5554 | D:7      | Found a hide-covered altar of Uskayaw.
  5864 | D:7      | Reached XP level 9. HP: 86/86 MP: 13/13
  6020 | D:7      | Reached skill level 1 in Evocations
  6069 | D:7      | Found a shadowy altar of Dithmenos.
  6567 | D:8      | Reached *** piety under Yredelemnul
  6636 | D:8      | Noticed Psyche
  6672 | D:8      | Killed Psyche
  6672 | D:8      | Reached skill level 5 in Armour
  6951 | D:8      | Found a staircase to the Lair.
  7161 | D:8      | Found Gesegg's Jewellery Shoppe.
  7411 | Lair:1   | Entered Level 1 of the Lair of Beasts
  7518 | Lair:1   | Got a scorched leather armour
  7578 | Lair:1   | Noticed an oklob plant
  7591 | Lair:1   | HP: 3/86 [acid (8)]
  7593 | Lair:1   | Splashed by an oklob plant's acid

Levels and vault maps discovered:
D:1:      dpeg_arrival_simpleton_a, layout_basic, minmay_misc_feat_diagonals,
          serial_bayou_pond_c, minmay_misc_feat_four_crosses, item_on_display_a
D:2:      wander_river, layout_basic, lemuel_zombie_altar_yredelemnul,
          chequers_ecumenical_altar_lobes, first_ration
D:3:      wad_crossroads, layout_basic, lemuel_round_altar
D:4:      layout_loops_ring, nicolae_ru_great_annihilating_truth,
          bloody_makhleb, minmay_temple_entry_purple_smoke,
          cheibrodos_sewer_entry_sluice
D:5:      layout_rooms, uniq_pikel
D:6:      layout_loops_ring, old_standard_altar, enter_ossuary_5,
          minmay_misc_feat_square, uniq_eustachio
D:7:      layout_loops_ring, nicolae_overflow_hidden_temple,
          eat_drink_and_be_merry_uskayaw, grunt_ogre_cave, grunt_ministairs_8
D:8:      layout_gridville, lair_entry_dummy, serial_shops,
          kennysheep_mini_moat, uniq_psyche
Temple:   nicolae_temple_great_sept
Lair:1:   layout_hall_layers, portal_ice_cave_entry_imps, gammafunk_ghost_icy,
          minmay_lair_oklob_bushes, grunt_megastairs_3, serial_bayou_shore_b

Skill      XL: |  1  2  3  4  5  6  7  8  9 |
---------------+----------------------------+-----
Fighting       | 4 5 6 7 8 10 | 10.7
Invocations    | 1 3 4 6 7 8 |  8.3
Armour         | 5 |  5.5
Axes           | 4 |  4.7
Evocations     | 2 |  2.8
Shields        | |  3.6

Action                   |  1- 3 |  4- 6 |  7- 9 || total
-------------------------+-------+-------+-------++-------
Melee: War axe           |    80 |   134 |   244 ||   458
       Headbutt          |    19 |    23 |    50 ||    92
Invok: Animate Remains   |       |     9 |    10 ||    19
       Injury Mirror     |       |       |     3 ||     3
       Recall Undead Sla |       |       |     3 ||     3
       Animate Dead      |       |       |     4 ||     4
  Use: Scroll            |       |     9 |     7 ||    16
       Potion            |       |     1 |     8 ||     9
 Stab: Distracted        |       |       |     1 ||     1
       Invisible         |       |       |     1 ||     1
       Paralysed         |       |       |     1 ||     1
  Eat: Chunk             |     2 |     9 |     2 ||    13
       Ration            |       |       |     5 ||     5
Armor: Scale mail        |    28 |    48 |    46 ||   122
       Plate armour      |       |       |    90 ||    90
Dodge: Dodged            |    15 |    66 |    61 ||   142
Block: Shield            |    38 |    64 |   139 ||   241
